 Dungeon Crawl Stone Soup version 0.26-a0-201-gb271ac0 (webtiles) character file.

Game seed: 1708586472605510348

80 Firecrotchwizard the Magician (level 4, 0/24 HPs)
             Began as a Deep Elf Fire Elementalist on July 5, 2020.
             Slain by a jackal (1 damage)
             ... on level 3 of the Dungeon.
             The game lasted 00:04:45 (2439 turns).

Firecrotchwizard the Magician (DEFE)                Turns: 2439, Time: 00:04:45

Health: 0/24       AC:  2    Str:  5    XL:     4   Next: 18%
Magic:  6/12       EV: 13    Int: 21    God:
Gold:   151        SH:  0    Dex: 15    Spells: 10/11 levels left

rFire    . . .     SeeInvis .   i - +0 short sword
rCold    . . .     Faith    .   (no shield)
rNeg     . . .     Spirit   .   a - +0 robe
rPois    .         Reflect  .   (no helmet)
rElec    .         Harm     .   (no cloak)
rCorr    .                      (no gloves)
MR       .....                  (no boots)
Stlth    ++........             (no amulet)
HPRegen  0.08/turn              (no ring)
MPRegen  0.13/turn              (no ring)

@: no status effects
A: no striking features
a: no special abilities


You were on level 3 of the Dungeon.
You were hungry.

You visited 1 branch of the dungeon, and saw 3 of its levels.

You collected 151 gold pieces.

Inventory:

Hand Weapons
 d - a +0 club
   (You took it off a hobgoblin on level 2 of the Dungeon)
 i - a +0 short sword (weapon)
   (You found it on level 1 of the Dungeon)
Armour
 a - a +0 robe (worn)
Scrolls
 h - 3 scrolls of teleportation {unknown}
 k - a scroll of remove curse {unknown}
 l - a scroll of identify {unknown}
 m - 2 scrolls of fog {unknown}
 q - a scroll of immolation {unknown}
 r - a scroll of noise {unknown}
 s - a scroll of magic mapping {unknown}
Potions
 b - a potion of lignification {unknown}
 e - 3 potions of curing {unknown}
 f - a potion of flight {unknown}
 g - 2 potions of mutation {unknown}
 j - a potion of stabbing {unknown}
 n - 3 potions of heal wounds {unknown}
 o - a potion of ambrosia {unknown}
Comestibles
 c - 2 rations
 p - 6 chunks of flesh {@w0}


   Skills:
 - Level 2.4 Dodging
 - Level 2.4 Stealth
 + Level 4.0 Spellcasting
 * Level 3.2 Conjurations
 + Level 3.9 Fire Magic


You had 10 spell levels left.
You knew the following spells:

 Your Spells              Type           Power        Failure   Level  Hunger
a - Foxfire               Conj/Fire      ###.         2%          1    None

Your spell library contained the following spells:

 Spells                   Type           Power        Failure   Level  Hunger
 Conjure Flame            Conj/Fire      ###.....     9%          3    ###....
 Inner Flame              Hex/Fire       ##......     16%         3    ###....
 Sticky Flame             Conj/Fire      ###.....     26%         4    ####...
 Fireball                 Conj/Fire      ###.......   58%         5    ######.


Dungeon Overview and Level Annotations

Branches:
Dungeon (3/15)

Altars:
Dithmenos
Gozag

Annotations:
D:2 exclusion: 2 gnolls


Message History

You kill the rat!
The foxfire hits the adder.
You conjure some foxfire!
An orc comes into view.
You now have 7/10 mp.
You hit the adder.
You kill the adder!
You have reached level 4!
You feel clever.
The foxfire hits the orc.
An orc comes into view. It is wielding a +0 mace.
Health restored: 24 The orc moves out of view.
Some of the chunks of flesh in your inventory have rotted away.
A bat and a jackal come into view.
An orc comes into view. It is wielding a +0 short sword.
The bat moves out of view.
Found a stone staircase leading down.
You see here 4 gold pieces.
You now have 151 gold pieces (gained 4).
The jackal barks!
You hear a bark!
You hear a shout!
You hear a bark!
An orc comes into view. It is wielding a +0 mace.
You conjure some foxfire!
The orc shouts!
You hear a bark!
You hear some strange, mumbled words.
The orc barely misses you.
A jackal comes into view.
You now have 7/11 mp.
You hit the orc.
You kill the orc!
The foxfire hits the orc but does no damage.
The foxfire hits the orc.
The bat barely misses you. The orc completely misses you.
You conjure some foxfire!
The foxfire hits the bat.
The orc hits you but does no damage.
You now have 6/11 mp.
You hit the orc but do no damage.
The foxfire hits the orc but does no damage.
The bat hits you. x2; The orc closely misses you.
You take 2 damage, and have 22/24 hp.
You conjure some foxfire!
The orc hits you. The jackal barely misses you.
You take 1 damage, and have 21/24 hp.
You now have 5/11 mp.
You hit the orc but do no damage.
The foxfire hits the jackal. x2
You kill the jackal!
The bat closely misses you. The orc misses you. The orc barely misses you.
You conjure some foxfire!
You are feeling hungry.
You hear some strange, mumbled words.
A puff of flame appears from out of thin air!
Deactivating autopickup; reactivate with Ctrl-A.
The puff of flame hits you! The bat hits you.
Something hits you but does no damage. The bat misses you. The orc misses you.
You take 10 damage, and have 11/24 hp.
MASSIVE DAMAGE!!
You now have 4/11 mp.
You closely miss something.
The foxfire hits the bat!
You kill the bat!
Your Spellcasting skill increases to level 4!
The foxfire hits something.
Something hits you but does no damage. The orc barely misses you.
You hit the orc. Something hits you but does no damage. Something hits you.
The orc barely misses you.
You take 3 damage, and have 8/24 hp.
You hit the orc.
You kill the orc!
Something hits you.
* * * LOW HITPOINT WARNING * * *
You take 3 damage, and have 5/24 hp.
Something hits you but does no damage.
You hear some strange, mumbled words.
A puff of flame appears from out of thin air!
The puff of flame misses you. The jackal barely misses you.
The jackal closely misses you.
The jackal bites you but does no damage.
The jackal bites you.
* * * LOW HITPOINT WARNING * * *
A jackal comes into view.
The jackal barks!
The jackal moves out of view.
The jackal bites you.
* * * LOW HITPOINT WARNING * * *
You take 2 damage, and have 3/24 hp.
A goblin comes into view. It is wielding a +0 club.
The goblin shouts!
You hear a bark!
You barely miss the jackal. The jackal completely misses you.
The jackal misses you.
The jackal bites you but does no damage.
The jackal barely misses you.
Nothing appears to happen.
The jackal barely misses you. The jackal closely misses you.
You now have 6/12 mp.
You barely miss the jackal. The jackal bites you.
* * * LOW HITPOINT WARNING * * *
The jackal completely misses you.
The jackal bites you but does no damage.
The jackal bites you.
* * * LOW HITPOINT WARNING * * *
You take 2 damage, and have 1/24 hp.
You hit the jackal. The jackal barely misses you. The jackal bites you.
You die...

#...............##.....
#...............##.....
#...............##.....
##.............###.....
##...........####..### ########
##...................
#......####..o.........#.#.###.
#........o...#h####.##.....#...
#.......o#####@# #........).##
#......##### #h## ####....####
##.....{...##.g.> ........#
#.....o.......<. ####+####
#................
#.......†[........
#........)........#
##########......$.# ......


You could see an orc, 2 jackals and a goblin.

Vanquished Creatures
  3 adders (D:3)
  An ooze (D:3)
  2 orcs (D:3)
  4 giant cockroaches
  8 goblins
  3 hobgoblins
  8 jackals
  3 bats
  2 frilled lizards (D:2)
  4 kobolds
  4 rats
42 creatures vanquished.

Vanquished Creatures (others)
  94 foxfires
94 creatures vanquished.

Grand Total: 136 creatures vanquished

Notes
Turn   | Place    | Note
-------+----------+-------------------------------------------
     0 | D:1      | Firecrotchwizard the Deep Elf Fire Elementalist began the
                  | quest for the Orb.
     0 | D:1      | Reached XP level 1. HP: 10/10 MP: 6/6
   134 | D:1      | You fall into a shaft and drop 1 floor!
   795 | D:1      | Reached XP level 2. HP: 14/15 MP: 6/8
   967 | D:1      | Reached skill level 2 in Conjurations
  1769 | D:2      | Found an opulent altar of Gozag.
  1775 | D:2      | Reached XP level 3. HP: 18/19 MP: 10/10
  1918 | D:2      | Found a shadowy altar of Dithmenos.
  2344 | D:3      | Reached skill level 3 in Conjurations
  2408 | D:3      | Reached XP level 4. HP: 24/24 MP: 7/11
  2419 | D:3      | Reached skill level 4 in Spellcasting
  2421 | D:3      | HP: 5/24 [something (3)]
  2431 | D:3      | HP: 5/24 [jackal (1)]
  2438 | D:3      | HP: 2/24 [jackal (1)]
  2439 | D:3      | Slain by a jackal

Illustrated notes

Levels and vault maps discovered:
D:1:      lemuel_arrival_behind_the_door_small, layout_basic
D:2:      layout_loops_ring, old_standard_altar, grunt_gozag_statues
D:3:      layout_rooms, first_ration, tso_altar

Skill      XL: |  1  2  3  4 |
---------------+-------------+-----
Conjurations   | 2 3 |  3.2
Spellcasting   | 4 |  4.0
Dodging        | |  2.4
Stealth        | |  2.4
Fire Magic     | |  3.9

Action                   |  1- 3 |  4- 6 || total
-------------------------+-------+-------++-------
Melee: Short sword       |    40 |     9 ||    49
       Unarmed           |     2 |       ||     2
 Cast: Foxfire           |    50 |     5 ||    55
 Stab: Sleeping          |     2 |       ||     2
  Eat: Chunk             |     4 |       ||     4
Armor: Robe              |    11 |     6 ||    17
Dodge: Dodged            |    36 |    22 ||    58

Table legend:
 A = Non-vault XP
 B = Vault XP
 C = Vault XP percentage of total XP
 D = Non-vault monster count
 E = Vault monster count
 F = Vault count percentage of total count
                 A         B        C        D         E       F
            +---------+---------+-------+---------+---------+-------
      Total |     115 |       0 |   0.0 |      42 |       0 |   0.0
            +---------+---------+-------+---------+---------+-------
        D:1 |      24 |       0 |   0.0 |      13 |       0 |   0.0
        D:2 |      17 |       0 |   0.0 |      10 |       0 |   0.0
        D:3 |      74 |       0 |   0.0 |      19 |       0 |   0.0
            +---------+---------+-------+---------+---------+-------

Levels and vault maps discovered:
D:1:      lemuel_arrival_behind_the_door_small, layout_basic
D:2:      layout_loops_ring, old_standard_altar, grunt_gozag_statues
D:3:      layout_rooms, first_ration, tso_altar

Table legend:
 A = Turns spent in this place as a percentage of turns spent in the entire game.
 B = Non-inter-level travel turns spent in this place as a percentage of non-inter-level travel turns spent in the entire game.
 C = Inter-level travel turns spent in this place as a percentage of turns spent in this place.
 D = Turns resting spent in this place as a percentage of non-inter-level travel turns spent in this place.
 E = Turns spent auto-exploring this place as a percentage of non-inter-level travel turns spent in this place.
 F = Non-inter-level travel turns spent in this place divided by the number of levels of this place that you've seen.
                   A       B       C       D       E      F
               +-------+-------+-------+-------+-------+----------------------
         Total | 100.0 | 100.0 |   3.1 |  12.6 |  73.3 | 788.0
       Dungeon | 100.0 | 100.0 |   3.1 |  12.6 |  73.3 | 788.0
               +-------+-------+-------+-------+-------+----------------------

Table legend:
 A = Kills in this place as a percentage of kills in entire the game.
 B = Kills by you in this place as a percentage of kills by you in the entire game.
 C = Kills by friends in this place as a percentage of kills by friends in the entire game.
 D = Other kills in this place as a percentage of other kills in the entire game.
 E = Experience gained in this place as a percentage of experience gained in the entire game.
 F = Experience gained in this place divided by the number of levels of this place that you have seen.
                   A       B       C       D       E      F
               +-------+-------+-------+-------+-------+----------------------
         Total | 100.0 | 100.0 |   N/A |   N/A | 100.0 |  38.3
       Dungeon | 100.0 | 100.0 |   N/A |   N/A | 100.0 |  38.3
               +-------+-------+-------+-------+-------+----------------------
